 Dungeon Crawl Stone Soup version 0.31-a0-321-g19405a7a6a (webtiles) character file.

Game seed: 6298728295348218629

1329 Evalya the Cudgeller (level 8, -1/61 HPs)
             Began as a Human Fighter on July 17, 2023.
             Was a Believer of Elyvilon.
             Slain by a manticore (3 damage)
             ... on level 6 of the Dungeon on July 18, 2023.
             The game lasted 00:57:16 (4336 turns).

Evalya the Cudgeller (Human Fighter)                Turns: 4336, Time: 00:57:17

Health: -1/61      AC: 21    Str: 18    XL:     8   Next: 91%
Magic:  8/8        EV:  5    Int: 10    God:    Elyvilon [**....]
Gold:   243        SH:  5    Dex: 12    Spells: 7/7 levels left

rFire   . . .        a - +1 flail (protect)
rCold   . . .        c - +0 buckler
rNeg    + . .        n - +0 plate armour
rPois   .            (no helmet)
rElec   .            (no cloak)
rCorr   .            k - +0 pair of gloves
SInv    .            i - +0 pair of boots
Will    .....        j - amulet of regeneration Stlth
                     l - ring of flight
HPRegen 1.10/turn    p - ring of positive energy
MPRegen 0.11/turn

%: no passive effects
@: mighty, under a protective aura, flying
A: no striking features
a: Renounce Religion, Purification, Heal Other


You were on level 6 of the Dungeon.
You worshipped Elyvilon.
Elyvilon was pleased with you.
You visited 1 branch of the dungeon, and saw 8 of its levels.
You also visited: Sewer.

You collected 243 gold pieces.

Inventory:

Hand Weapons
 a - a +1 flail of protection (weapon)
Missiles
 e - 56 stones (quivered)
 g - 11 poisoned darts
 u - 4 boomerangs of dispersal
Armour
 c - a +0 buckler (worn)
 i - a +0 pair of boots (worn)
 k - a +0 pair of gloves (worn)
 n - a +0 plate armour (worn)
Jewellery
 j - an amulet of regeneration (around neck)
 l - a ring of flight (left hand)
 p - a ring of positive energy (right hand)
 t - a ring of fire
Wands
 v - a wand of paralysis (3)
Scrolls
 o - a scroll of fog
 s - 2 scrolls of immolation
Potions
 b - a potion of berserk rage {unknown}
 d - a potion of might
 f - a potion of resistance
 m - a potion of cancellation
 q - 4 potions of enlightenment
 r - a potion of curing


   Skills:
 - Level 4.5 Fighting
 - Level 0.7 Short Blades
 - Level 1.4(5.0) Axes
 * Level 7.6(7.8) Maces & Flails
 - Level 0.8(4.8) Staves
 - Level 5.1 Armour
 - Level 4.3 Shields
 + Level 1.0 Evocations


You had 7 spell levels left.
You didn't know any spells.
Your spell library contained the following spells:

 Spells                   Type           Power      Damage    Failure   Level
 Dazzling Flash           Conj/Hex       0%         N/A       100%        3
 Gell's Gravitas          Tloc           0%         N/A       100%        3
 Teleport Other           Tloc           0%         N/A       100%        3
 Volatile Blastmotes      Fire/Tloc      0%         2d10      100%        3
 Dispersal                Tloc           0%         N/A       100%        6
 Starburst                Conj/Fire      0%         6d3       100%        6
 Maxwell's Capacitive Co  Air            0%         ∞         100%        8


Dungeon Overview and Level Annotations

Branches:
Dungeon (8/15)             Temple (0/1) D:5           Sewer (visited)
   Lair: D:8-11

Altars:
Ashenzari
Trog


Message History

You thump the iguana!
Your weapon exudes an aura of protection.
You kill the iguana!
Your Evocations skill increases to level 1!
You sock the manticore!
The manticore is moderately wounded.
You carefully extract the barbed spikes from your body.
The manticore bites you but does no damage.
The manticore claws you but does no damage.
The manticore claws you!
* * * LOW HITPOINT WARNING * * *
You sock the manticore!
The manticore is moderately wounded.
The manticore bites you!
* * * LOW HITPOINT WARNING * * *
The manticore claws you.
* * * LOW HITPOINT WARNING * * *
The manticore claws you but does no damage.
Okay, then.
Press: ? - help, Dir - move target, f/p - manticore Heal: a manticore (moderately wounded, uninterested)
You fail to use your ability.
The manticore bites you.
* * * LOW HITPOINT WARNING * * *
The manticore barely misses you. x2
You closely miss the manticore.
The manticore is moderately wounded.
The manticore bites you but does no damage.
The manticore claws you but does no damage.
The manticore completely misses you.
You barely miss the manticore.
The manticore is moderately wounded.
The manticore bites you but does no damage.
The manticore claws you but does no damage.
The manticore completely misses you.
You hit the manticore.
The manticore is moderately wounded.
The manticore bites you!
* * * LOW HITPOINT WARNING * * *
The manticore claws you.
You die...

#########
#.......######
##.#..........#
#.@H..<....##.#####
#..#.###....#......
#.>#.# #.....######
#..#†###...........
#..#.........######
#..#..##....## #
............# #
.[...........# #
W.............# #


You could see a manticore.

Vanquished Creatures
  A wyvern (D:4)
  2 ice beasts (D:6)
  An orc warrior (D:6)
  An ogre (D:4)
  A kobold brigand (Sewer)
  A scorpion (D:6)
  3 hounds
  A gnoll bouda (D:5)
  A jelly (D:5)
  A sleepcap (D:6)
  3 iguanas
  9 gnolls
  5 river rats
  15 adders
  A shadow imp (D:6)
  4 ufetubi
  8 worms (D:3)
  2 dart slugs
  11 orcs
  A ball python (D:1)
  11 endoplasms
  A goblin (D:3)
  8 hobgoblins
  5 jackals
  6 kobolds
  6 quokkas
  7 bats
  6 frilled lizards
  14 rats
136 creatures vanquished.

Notes
Turn   | Place    | Note
-------+----------+-------------------------------------------
     0 | D:1      | Evalya the Human Fighter began the quest for the Orb.
     0 | D:1      | Reached XP level 1. HP: 18/18 MP: 1/1
    51 | D:1      | Reached XP level 2. HP: 23/24 MP: 2/2
   682 | D:2      | Reached XP level 3. HP: 24/24 MP: 3/3
   742 | D:2      | Reached XP level 4. HP: 19/34 MP: 4/4
   788 | D:2      | Reached skill level 1 in Axes
  1581 | D:3      | Reached XP level 5. HP: 41/41 MP: 5/5
  1597 | D:3      | Reached skill level 3 in Maces & Flails
  1723 | D:3      | Reached XP level 6. HP: 41/47 MP: 6/6
  1727 | D:3      | Found a glowing drain.
  1744 | Sewer    | Entered a sewer
  1754 | Sewer    | Reached skill level 4 in Maces & Flails
  1838 | Sewer    | Found a white marble altar of Elyvilon.
  1854 | Sewer    | Became a worshipper of Elyvilon the Healer
  2221 | D:3      | Found a faded altar of an unknown god.
  2328 | D:3      | Found a bloodstained altar of Trog.
  2712 | D:3      | Reached XP level 7. HP: 49/53 MP: 7/7
  2872 | D:3      | Reached * piety under Elyvilon
  2982 | D:4      | Noticed a wyvern
  2987 | D:4      | Killed a wyvern
  2988 | D:4      | Reached skill level 5 in Maces & Flails
  3111 | D:4      | HP: 2/53 [adder (2)]
  3113 | D:4      | Elyvilon protects you from harm!
  3114 | D:4      | Elyvilon protects you from harm!
  3125 | D:4      | Elyvilon protects you from harm!
  3395 | D:4      | Found a broken altar of Ashenzari.
  3672 | D:5      | Entered Level 5 of the Dungeon
  3709 | D:5      | Reached ** piety under Elyvilon
  3712 | D:5      | Reached skill level 6 in Maces & Flails
  3712 | D:5      | Reached XP level 8. HP: 60/60 MP: 8/8
  3930 | D:5      | Found a staircase to the Ecumenical Temple.
  3947 | D:5      | You are sucked into a shaft and drop 3 floors!
  4250 | D:6      | Reached skill level 7 in Maces & Flails
  4250 | D:6      | Reached skill level 5 in Armour
  4304 | D:6      | Noticed a manticore
  4305 | D:6      | Noticed a wraith
  4331 | D:6      | Reached skill level 1 in Evocations
  4336 | D:6      | HP: 2/61 [manticore (8)]
  4336 | D:6      | Slain by a manticore

Illustrated notes

Levels and vault maps discovered:
D:1:      dpeg_arrival_tiny_j, layout_loops_corners
D:2:      layout_basic, minmay_between
D:3:      layout_basic, trog_butcher_becter, lightli_sewer_entry_pipes,
          chequers_ecumenical_altar_island, grunt_decor_cap
D:4:      layout_loops_cross, lemuel_crystal_altar
D:5:      layout_basic, minmay_temple_entry_large_hall
D:6:      hangedman_cross_stitches, layout_loops_ring, corexii_leaking_fountain
D:7:      layout_rooms, nicolae_ru_sacrificial_ziggurat,
          chequers_temple_overflow_minitemple, serial_glass, glass_columns_b,
          glass_columns_b, glass_columns_a
D:8:      layout_loops_ring, grunt_ministairs_10, minmay_misc_feat_columns,
          jiyva_altar_1, uniq_grum

Skill      XL: |  1  2  3  4  5  6  7  8 |
---------------+-------------------------+-----
Axes           | 1 |  1.4
Maces & Flails | 3 4 6 7 |  7.6
Shields        | 4 |  4.3
Armour         | 4 5 |  5.1
Fighting       | 4 |  4.5
Evocations     | 1 |  1.0
Short Blades   | |  0.7
Staves         | |  0.8

Action                     |  1- 3 |  4- 6 |  7- 9 || total
---------------------------+-------+-------+-------++-------
  Melee: Flail             |    40 |   214 |   164 ||   418
         Short sword       |    26 |       |       ||    26
  Evoke: Wand              |       |       |    11 ||    11
    Use: Scroll            |     2 |     4 |    13 ||    19
         Potion            |       |       |     4 ||     4
 Armour: Scale mail        |    40 |   131 |    56 ||   227
         Skin              |       |       |     5 ||     5
         Plate armour      |       |       |    68 ||    68
  Dodge: Dodged            |    31 |   109 |    82 ||   222
  Block: Buckler           |    17 |    70 |    35 ||   122

Table legend: (Time is in decaauts)
 A = Elapsed time spent in this place.
 B = Non-inter-level travel time spent in this place.
 C = Inter-level travel time spent in this place.
 D = Time resting spent in this place.
 E = Time spent auto-exploring this place.
 F = Levels seen in this place.
 G = Mean time per level.
                   A        B        C        D        E       F      G
               +--------+--------+--------+--------+--------+-----+--------+
         Total |   4558 |   4453 |    105 |    295 |   1252 |   9 |  506.4 |
       Dungeon |   4303 |   4198 |    105 |    295 |   1196 |   8 |  537.9 |
         Sewer |    255 |    255 |      0 |      0 |     56 |   1 |  255.0 |
               +--------+--------+--------+--------+--------+-----+--------+

Top non-repeatable levels by time:
     D:3: 1223 daAuts
     D:1: 1211 daAuts
     D:4: 796 daAuts
     D:2: 389 daAuts
     D:6: 363 daAuts
     D:5: 286 daAuts
   Sewer: 255 daAuts
     D:7: 24 daAuts
     D:8: 7 daAuts
